 Dungeon Crawl Stone Soup version 0.29.0-4-gdea44cf6ec (webtiles) character file.

Game seed: 5973208136059381188

228 qw the Chopper (level 6, 0/35 HPs)
             Began as a Tengu Warper on Aug 28, 2022.
             Slain by a gnoll
             ... wielding a +0 flail
             ... led by a gnoll bouda
              (4 damage)
             ... on level 4 of the Dungeon.
             The game lasted 00:00:17 (2519 turns).

qw the Chopper (Tengu Warper)                       Turns: 2519, Time: 00:00:18

Health: 0/35       AC: 12    Str: 13    XL:     6   Next: 2%
Magic:  10/10      EV:  5    Int: 13    God:
Gold:   169        SH:  0    Dex: 14    Spells: 9/9 levels left

rFire   . . .      SeeInvis .   Y - +0 hand axe
rCold   . . .      Faith    .   (no shield)
rNeg    . . .      Spirit   .   d - +0 plate armour
rPois   .          Reflect  .   (helmet restricted)
rElec   .          Harm     .   (no cloak)
rCorr   .          Rampage  .   a - +0 pair of gloves
Will    .....                   (boots unavailable)
Stlth   ..........              (no amulet)
HPRegen 0.11/turn               (no ring)
MPRegen 0.12/turn               (no ring)

@: weakened, flying quickly and evasively, quick
A: beak, talons 3, nimble flight
a: no special abilities


You were on level 4 of the Dungeon.
You visited 1 branch of the dungeon, and saw 4 of its levels.

You collected 169 gold pieces.


Innate Abilities, Weirdness & Mutations

You have a beak for a mouth.
You have claws for feet.
Your magical nature lets you fly swiftly and evasively.


   Skills:
 - Level 2.0 Fighting
 - Level 6.2 Axes
 - Level 1.0 Throwing
 + Level 2.5 Armour
 - Level 2.1 Dodging
 - Level 2.0 Spellcasting
 - Level 2.4 Translocations


You had 9 spell levels left.
You didn't know any spells.
Your spell library contained the following spells:

 Spells                   Type           Power      Damage    Failure   Level
 Blink                    Tloc           14%        N/A       100%        2
 Gell's Gravitas          Tloc           7%         N/A       100%        3
 Lesser Beckoning         Tloc           7%         N/A       100%        3
 Teleport Other           Tloc           7%         N/A       100%        3
 Manifold Assault         Tloc           7%         N/A       100%        5

Inventory:

Hand Weapons
 j - a +0 mace
 Y - a +0 hand axe (weapon)
Armour
 a - a +0 pair of gloves (worn)
 d - a +0 plate armour (worn)
Scrolls
 b - a scroll of identify
 c - a scroll of fog {unknown}
Potions
 e - a potion of berserk rage {unknown}
 g - a potion of attraction {unknown}

Dungeon Overview and Level Annotations

Branches:
Dungeon (4/15)
 Temple: D:4-7

Altars:
Nemelex Xobeh

Shops:
D:1 =


Message History

The gnoll hits you but does no damage. The endoplasm barely misses you.
The gnoll hits you but does no damage.
You hit the endoplasm.
You kill the endoplasm!
You hit the gnoll bouda but do no damage.
You hit the gnoll but do no damage.
The gnoll bouda hits you but does no damage.
The gnoll hits you but does no damage.
The gnoll hits you from afar with a +0 spear.
You hit the gnoll.
You kill the gnoll!
You hit the gnoll bouda but do no damage.
You hit the gnoll. The gnoll bouda barely misses you.
The gnoll hits you from afar with a +0 spear.
The gnoll hits you but does no damage.
You have reached level 6!
You barely miss the gnoll bouda.
The gnoll bouda is moderately wounded.
You closely miss the gnoll.
The gnoll bouda hits you with a +0 whip.
The gnoll barely misses you. x2
You hit the gnoll bouda. You claw the gnoll bouda.
The gnoll bouda is heavily wounded.
You hit the gnoll.
The gnoll bouda gazes fiercely through you!
You feel as though you will be weak longer.
The gnoll bouda hits you but does no damage.
The gnoll hits you but does no damage. The gnoll hits you with a +0 flail.
You hit the gnoll bouda but do no damage.
The gnoll bouda is heavily wounded.
You barely miss the gnoll.
The gnoll bouda hits you with a +0 whip.
The gnoll hits you but does no damage. x2
You barely miss the gnoll bouda. You claw the gnoll bouda.
The gnoll bouda is severely wounded.
You closely miss the gnoll.
The gnoll bouda hits you but does no damage.
The gnoll hits you but does no damage. The gnoll hits you with a +0 flail.
You die...

####### #.# ##.....# #.#
#....#.# #.#####......#
#### #.##.........# #..
#.##.........# #.# ####
#.##..#..:...###g##.....
#)##..####.....)@.g.)...
......#.....###.g#...#.#
......##.........# .....
.....##...#.>....#.....#
.....##.........).?[.$.#
..........#####......#.#
.............###........
#####.......## #.#.#<...
#####.......+ ........#


You could see a gnoll bouda and 2 gnolls.

Vanquished Creatures
  A phantom (D:4)
  A hound (D:4)
  An iguana (D:4)
  2 gnolls (D:4)
  2 adders (D:3)
  2 dart slugs
  2 orcs (D:3)
  5 ball pythons
  5 endoplasms
  4 giant cockroaches
  6 hobgoblins
  3 jackals (D:1)
  3 quokkas (D:1)
  7 bats
  A frilled lizard (D:3)
  4 goblins
  4 kobolds
  3 rats
56 creatures vanquished.

Notes
Turn   | Place    | Note
-------+----------+-------------------------------------------
     0 | D:1      | qw the Tengu Warper began the quest for the Orb.
     0 | D:1      | Reached XP level 1. HP: 12/12 MP: 4/4
     0 | D:1      | 0 ||| qw: Version: 0.1-a-89-g26bdef1
     0 | D:1      | 0 ||| qw: Game counter: 2480
     0 | D:1      | 0 ||| qw: Always use a shield: true
     0 | D:1      | 0 ||| qw: God list: Okawaru
     0 | D:1      | 0 ||| qw: Allow faded altars: false
     0 | D:1      | 0 ||| qw: Do Orc after D:15 true
     0 | D:1      | 0 ||| qw: Do second Lair branch before Depths: true
     0 | D:1      | 0 ||| qw: Lair rune preference: random
     0 | D:1      | 0 ||| qw: Plans: Normal
     0 | D:1      | 0 ||| PLANNING D:1-11
   180 | D:1      | Reached skill level 3 in Axes
   180 | D:1      | Reached XP level 2. HP: 17/17 MP: 6/6
   322 | D:1      | 322 ||| DROPPING +0 club.
   428 | D:1      | Found Ruwihemi's Jewellery Shoppe.
   432 | D:1      | Reached XP level 3. HP: 21/21 MP: 7/7
   439 | D:1      | 439 ||| SHOPLISTING +4 ring of slaying (936 gold, have 32).
   439 | D:1      | 439 ||| SHOPLISTING amulet of regeneration (360 gold, have
                  | 32).
   439 | D:1      | 439 ||| SHOPLISTING ring of Loqink {rN+ MP+9 Str+3 Dex+4
                  | Slay+3} (878 gold, have 32).
   439 | D:1      | 439 ||| SHOPLISTING ring of poison resistance (240 gold,
                  | have 32).
   439 | D:1      | 439 ||| SHOPLISTING ring of positive energy (240 gold, have
                  | 32).
   716 | D:1      | 716 ||| UPGRADING to +0 plate armour.
   726 | D:1      | 726 ||| DROPPING +0 leather armour.
   727 | D:1      | 727 ||| READING scroll labelled MEISAG PUH QOM.
   728 | D:1      | 728 ||| READING scroll labelled ERO TATES COU.
   729 | D:1      | 729 ||| DROPPING scroll of blinking.
   817 | D:2      | Found a sparkling altar of Nemelex Xobeh.
   876 | D:2      | Reached skill level 4 in Axes
   886 | D:2      | Found a faded altar of an unknown god.
   939 | D:2      | 939 ||| Stepping ~*~*~tactically~*~*~ (hiding).
   941 | D:2      | 941 ||| Stepping ~*~*~tactically~*~*~ (hiding).
  1106 | D:2      | 1106 ||| UPGRADING to +0 pair of gloves.
  1111 | D:2      | 1111 ||| READING scroll labelled SYGES ZEUSOARU.
  1464 | D:3      | Reached XP level 4. HP: 25/26 MP: 8/8
  1795 | D:3      | 1795 ||| READING scroll labelled SUZATTI JEUT.
  1796 | D:3      | 1796 ||| DRINKING 2 golden potions.
  1827 | D:3      | 1827 ||| DROPPING potion of lignification.
  2142 | D:4      | Noticed a phantom
  2152 | D:4      | 2152 ||| Stepping ~*~*~tactically~*~*~ (water).
  2157 | D:4      | Killed a phantom
  2158 | D:4      | Reached skill level 5 in Axes
  2158 | D:4      | Gained mutation: Your magical nature lets you fly swiftly
                  | and evasively. [Tengu growth]
  2158 | D:4      | Reached XP level 5. HP: 23/30 MP: 9/9
  2307 | D:4      | 2307 ||| Stepping ~*~*~tactically~*~*~ (stealth).
  2319 | D:4      | Reached skill level 6 in Axes
  2499 | D:4      | 2499 ||| Stepping ~*~*~tactically~*~*~ (hiding).
  2502 | D:4      | 2502 ||| Stepping ~*~*~tactically~*~*~ (hiding).
  2503 | D:4      | 2503 ||| Stepping ~*~*~tactically~*~*~ (hiding).
  2504 | D:4      | 2504 ||| Stepping ~*~*~tactically~*~*~ (hiding).
  2516 | D:4      | Reached XP level 6. HP: 18/35 MP: 10/10
  2517 | D:4      | HP: 7/35 [gnoll/+0 flail[a gnoll bouda] (5)]
  2519 | D:4      | Slain by a gnoll

Levels and vault maps discovered:
D:1:      eino_arrival_cavern_d, layout_basic, serial_shops, shop, serial_glass,
          glass_columns_a, glass_columns_a
D:2:      layout_rooms, basic_ecumenical_altar, basic_altar
D:3:      layout_basic
D:4:      layout_basic, minmay_misc_feat_four_crosses,
          chequers_serial_rivers_micro_c, hangedman_decor_push,
          chequers_arboretum, nicolae_underground_beach

Skill      XL: |  1  2  3  4  5 |
---------------+----------------+-----
Axes           | 3 4 5 6 |  6.2
Armour         | 2 |  2.5
Fighting       | |  2.0
Throwing       | |  1.0
Dodging        | |  2.1
Spellcasting   | |  2.0
Translocations | |  2.4

Action                   |  1- 3 |  4- 6 || total
-------------------------+-------+-------++-------
Melee: Hand axe          |    89 |    58 ||   147
       Kick              |    19 |    16 ||    35
       Peck              |     9 |    10 ||    19
       Punch             |       |     1 ||     1
Throw: Boomerang         |     7 |       ||     7
  Use: Scroll            |     3 |     1 ||     4
       Potion            |       |     1 ||     1
Armor: Leather armour    |     8 |       ||     8
       Plate armour      |    42 |    46 ||    88
Dodge: Dodged            |    27 |    18 ||    45

Table legend:
 A = Non-vault XP
 B = Vault XP
 C = Vault XP percentage of total XP
 D = Non-vault monster count
 E = Vault monster count
 F = Vault count percentage of total count
                 A         B        C        D         E       F
            +---------+---------+-------+---------+---------+-------
      Total |     327 |       0 |   0.0 |      56 |       0 |   0.0
            +---------+---------+-------+---------+---------+-------
        D:1 |      40 |       0 |   0.0 |      22 |       0 |   0.0
        D:2 |      17 |       0 |   0.0 |       8 |       0 |   0.0
        D:3 |      49 |       0 |   0.0 |      15 |       0 |   0.0
        D:4 |     221 |       0 |   0.0 |      11 |       0 |   0.0
            +---------+---------+-------+---------+---------+-------
